 Dungeon Crawl Stone Soup version 0.17.1-2-g5865329 (webtiles) character file.

15061 Caphalor the Grappler (level 11, 0/119 HPs)
             Began as a Troll Monk on Jan 10, 2016.
             Was a High Priest of Okawaru.
             Slain by Caphalor's ghost (36 damage)
             ... on level 11 of the Dungeon.
             The game lasted 00:43:20 (8424 turns).

Caphalor the Grappler (Troll Monk)                  Turns: 8424, Time: 00:43:20

Health: 0/119      AC:  9    Str: 22    XL:     11   Next: 96%
Magic:  4/10       EV: 17    Int:  6    God:    Okawaru [*****.]
Gold:   584        SH:  0    Dex: 14    Spells: 0 memorised, 10 levels left

rFire  . . .     SeeInvis .       - Unarmed
rCold  . . .     Clarity  .     a - +1 robe
rNeg   . . .     SustAt   .     (no shield)
rPois  .         Gourm    +     (helmet restricted)
rElec  .         Spirit   .     p - +2 cloak
rCorr  .         Warding  .     (gloves unavailable)
rMut   .         Stasis   .     (boots unavailable)
MR     .....                    (no amulet)
Stlth  ++........               (no ring)
                                (no ring)

@: heroism, finesse, not resistant to hostile enchantments, unstealthy
A: unfitting armour, claws 3, fast metabolism 3, gourmand, regeneration 2,
shaggy fur 1, tough skin 2
a: Heroism, Finesse, Renounce Religion


You were on level 11 of the Dungeon.
You worshipped Okawaru.
Okawaru was extremely pleased with you.
You were full.

You visited 2 branches of the dungeon, and saw 12 of its levels.

You collected 767 gold pieces.
You spent 183 gold pieces at shops.

Inventory:

Missiles
 M - 7 javelins of penetration (quivered)
Armour
 a - a +1 robe (worn)
 p - a +2 cloak (worn)
 K - a +2 shield
Jewellery
 G - an uncursed ring of positive energy
Wands
 y - a wand of fire (4)
 H - a wand of digging (11)
Scrolls
 e - 3 scrolls of remove curse
 f - 4 scrolls of random uselessness
 m - 2 scrolls of recharging
 n - a scroll of fear
 q - a scroll of magic mapping
 s - 4 scrolls of teleportation
 v - a scroll of enchant weapon
 w - 2 scrolls of blinking
 F - 2 scrolls of enchant armour
 N - a scroll of identify
Potions
 c - a potion of haste
 d - 4 potions of lignification
 g - 2 potions of mutation
 h - 4 potions of cancellation
 k - 2 potions of flight
 l - 4 potions of might
 o - 4 potions of curing
 z - 3 potions of brilliance
 B - a potion of resistance {unknown}
 C - a potion of invisibility {unknown}
 D - a potion of heal wounds
 E - a potion of agility
 J - a potion of ambrosia {unknown}
Books
 j - a book of Air

   Spells                             Type                      Level
   a - Shock                          Conjuration/Air              1
   b - Swiftness                      Charms/Air                   2
   c - Repel Missiles                 Charms/Air                   2
   d - Static Discharge               Conjuration/Air              3
   e - Lightning Bolt                 Conjuration/Air              5
 x - a book of Unlife

   Spells                             Type                      Level
   a - Recall                         Summoning/Translocation      3
   b - Animate Dead                   Necromancy                   4
   c - Control Undead                 Necromancy                   4
   d - Cigotuvi's Embrace             Necromancy                   5
   e - Death Channel                  Necromancy                   6
   f - Simulacrum                     Ice/Necromancy               6
Comestibles
 b - 6 bread rations
 i - 5 fruits
 r - 10 slices of pizza
 t - a beef jerky
 A - 3 meat rations
 I - 16 chunks of flesh


   Skills:
 + Level 10.7(15.7) Fighting
 + Level 7.7(12.7) Dodging
 - Level 1.1(6.1) Stealth
 * Level 12.7(17.7) Unarmed Combat


You had 10 spell levels left.
You didn't know any spells.

Dungeon Overview and Level Annotations

Branches:
Dungeon (11/15)            Temple (1/1) D:6            Lair (0/8) D:10
    Orc (0/4) D:11

Altars:
Ashenzari
Cheibriados
Dithmenos
Elyvilon
Fedhas
Gozag
Kikubaaqudgha
Makhleb
Nemelex Xobeh
Okawaru
Qazlal
Ru
Trog
Vehumet
Xom
Yredelemnul
Zin
The Shining One

Shops:
D:6 *   D:8 !   D:9 :

Annotations:
D:11 Caphalor's ghost, journeyman MfBe


Innate Abilities, Weirdness & Mutations

You are too large for most types of armour.
You have claws for hands.
Your metabolism is lightning-fast.
You like to eat raw meat.
You heal very quickly.
You are covered in fur (AC +1).
You have very tough skin (AC +2).


Message History

Caphalor's ghost is heavily damaged.
You barely miss Caphalor's ghost.
Caphalor's ghost is heavily damaged.
Caphalor's ghost hits you!! Caphalor's ghost freezes you.
You scratch Caphalor's ghost but do no damage.
Caphalor's ghost is heavily damaged.
You closely miss Caphalor's ghost.
Caphalor's ghost is heavily damaged.
You claw Caphalor's ghost!
Caphalor's ghost is severely damaged.
Caphalor's ghost hits you!! Caphalor's ghost freezes you!
You scratch Caphalor's ghost but do no damage.
Caphalor's ghost is heavily damaged.
You scratch Caphalor's ghost but do no damage.
You claw Caphalor's ghost, but do no damage.
Caphalor's ghost is heavily damaged.
You claw Caphalor's ghost!
Caphalor's ghost is severely damaged.
Caphalor's ghost hits you!!!
You die...

'### #####
....###?..
#.#.......#
#.#.#.#.#.#
.......W@(#
....#.#.#.#
.........(##
#...#.#.#..#
#.....†....##
....##..(..#
.### #####.#
.# #.## .#
#..#


You could see Caphalor's ghost.

Vanquished Creatures
  The ghost of DeXoteric the Cleaver, a journeyman FoFi of Makhleb (D:11)
  An ugly thing (D:11)
  A komodo dragon (D:10)
  2 deep elf magi
  7 yaks
  A hippogriff (D:10)
  3 hungry ghosts
  3 wyverns
  A warg (D:11)
  3 orc warriors
  A sky beast (D:9)
  2 ice beasts
  4 ogres
  3 phantoms
  A necrophage (D:8)
  2 centaurs
  2 big kobolds (D:9)
  2 gnoll sergeants (D:10)
  5 giant frogs
  6 scorpions
  14 killer bees
  A centaur zombie (D:8)
  4 crimson imps
  A giant frog zombie (D:5)
  3 gnoll shamans
  17 wights
  3 jellies
  A giant frog skeleton (D:6)
  5 orc priests
  2 centaur skeletons
  5 hounds
  9 orc wizards
  8 worker ants
  3 iguanas
  A killer bee zombie (D:6)
  2 hound zombies
  19 adders
  30 gnolls
  An ooze (D:3)
  39 orcs
  5 bats
  8 giant cockroaches
  11 goblins
  5 hobgoblins
  6 jackals
  18 kobolds
  6 quokkas
  2 ball pythons
  2 giant geckos
  7 giant newts
  A jackal skeleton (D:8)
  A jackal zombie (D:5)
  9 rats
  A butterfly (D:7)
301 creatures vanquished.

Vanquished Creatures (others)
  A plant (D:10)
1 creature vanquished.

Grand Total: 302 creatures vanquished

Notes
Turn   | Place    | Note
--------------------------------------------------------------
     0 | D:1      | Caphalor the Troll Monk began the quest for the Orb.
     0 | D:1      | Reached XP level 1. HP: 22/22 MP: 0/0
    58 | D:1      | Reached XP level 2. HP: 29/29 MP: 1/1
   608 | D:2      | Reached skill level 5 in Unarmed Combat
   634 | D:2      | Reached XP level 3. HP: 36/36 MP: 2/2
  1196 | D:2      | You fall through a shaft for 2 floors!
  1246 | D:4      | You fall through a shaft for 2 floors!
  1249 | D:6      | Found a burning altar of Makhleb.
  1256 | D:6      | Noticed a giant frog
  1265 | D:6      | Killed a giant frog
  1265 | D:6      | Reached skill level 6 in Unarmed Combat
  1265 | D:6      | Reached XP level 4. HP: 23/44 MP: 3/3
  1340 | D:6      | Found Gycrutan's Assorted Antiques.
  1346 | D:6      | Reached XP level 5. HP: 50/50 MP: 4/4
  1360 | D:5      | Entered Level 5 of the Dungeon
  1614 | D:5      | Reached skill level 7 in Unarmed Combat
  1787 | D:4      | Reached XP level 6. HP: 51/59 MP: 5/5
  2561 | D:4      | Reached skill level 8 in Unarmed Combat
  3152 | D:5      | Reached XP level 7. HP: 36/66 MP: 6/6
  3377 | D:5      | Noticed a centaur
  3380 | D:5      | Killed a centaur
  3380 | D:5      | Reached skill level 9 in Unarmed Combat
  3471 | D:5      | Found a stormy altar of Qazlal.
  3585 | D:6      | Noticed a scorpion
  3594 | D:6      | Killed a scorpion
  3702 | D:6      | Bought a silvery potion for 19 gold pieces
  3702 | D:6      | Bought a scroll labeled IXAETO MORCHI for 22 gold pieces
  3702 | D:6      | Bought a scroll labeled KIACOVVUOQ for 22 gold pieces
  3745 | D:6      | Noticed an ogre
  3754 | D:6      | Killed an ogre
  3835 | D:6      | Found a staircase to the Ecumenical Temple.
  3842 | Temple   | Entered the Ecumenical Temple
  3891 | Temple   | Became a worshipper of Warmaster Okawaru
  3891 | Temple   | Reached * piety under Okawaru
  3891 | Temple   | Reached ** piety under Okawaru
  4061 | D:6      | Noticed an ogre
  4075 | D:6      | Killed an ogre
  4181 | D:6      | Reached skill level 10 in Unarmed Combat
  4206 | D:7      | Reached XP level 8. HP: 72/74 MP: 7/7
  4291 | D:7      | Found a white marble altar of Elyvilon.
  4300 | D:7      | Found an ancient bone altar of Kikubaaqudgha.
  4301 | D:7      | Found a shattered altar of Ashenzari.
  4322 | D:7      | Found a basalt altar of Yredelemnul.
  4383 | D:7      | Reached skill level 11 in Unarmed Combat
  4561 | D:7      | Reached *** piety under Okawaru
  4677 | D:7      | Found a runed door.
  4692 | D:7      | Found a runed door.
  4990 | D:8      | Reached XP level 9. HP: 80/80 MP: 8/8
  5003 | D:8      | Found Jucs's Distillery.
  5009 | D:8      | Bought a potion of heal wounds for 60 gold pieces
  5009 | D:8      | Bought a potion of heal wounds for 60 gold pieces
  5746 | D:9      | Reached **** piety under Okawaru
  5834 | D:8      | HP: 1/85 [yak (15)]
  5972 | D:8      | Reached skill level 5 in Fighting
  5972 | D:8      | Reached skill level 5 in Dodging
  6242 | D:9      | Reached XP level 10. HP: 69/98 MP: 6/9
  6400 | D:9      | Found a shimmering altar of Xom.
  6401 | D:9      | Found a shimmering altar of Xom.
  6403 | D:9      | Found a shimmering altar of Xom.
  6403 | D:9      | Found a shimmering altar of Xom.
  6403 | D:9      | Found a shimmering altar of Xom.
  6403 | D:9      | Found a shimmering altar of Xom.
  6403 | D:9      | Found a shimmering altar of Xom.
  6514 | D:9      | Received a gift from Okawaru
  6728 | D:9      | Found a glowing golden altar of the Shining One.
  6942 | D:9      | Found a glowing silver altar of Zin.
  6944 | D:9      | Found an opulent altar of Gozag.
  7018 | D:9      | Noticed an anubis guard
  7086 | D:9      | Found Fiureawn's Book Emporium.
  7163 | D:10     | Entered Level 10 of the Dungeon
  7217 | D:10     | Reached skill level 10 in Fighting
  7217 | D:10     | Reached XP level 11. HP: 107/119 MP: 10/10
  7382 | D:10     | Found a basalt altar of Yredelemnul.
  7469 | D:10     | Reached ***** piety under Okawaru
  7473 | D:10     | Reached skill level 12 in Unarmed Combat
  7662 | D:10     | Found a staircase to the Lair.
  8292 | D:11     | Found a staircase to the Orcish Mines.
  8390 | D:11     | Noticed DeXoteric's ghost (journeyman FoFi)
  8404 | D:11     | Noticed Caphalor's ghost (journeyman MfBe)
  8404 | D:11     | Killed DeXoteric's ghost
  8424 | D:11     | Slain by Caphalor's ghost

Action                   |  1- 3 |  4- 6 |  7- 9 | 10-12 || total
-------------------------+-------+-------+-------+-------++-------
Melee: Unarmed           |   110 |   109 |   297 |   304 ||   820
Throw: Javelin           |       |       |       |     3 ||     3
Invok: Heroism           |       |       |     4 |     6 ||    10
       Finesse           |       |       |       |     1 ||     1
Evoke: Wand              |       |       |     6 |       ||     6
  Use: Scroll            |       |       |    23 |     7 ||    30
       Potion            |       |       |     1 |     1 ||     2
 Stab: Sleeping          |     4 |     2 |     3 |     2 ||    11
  Eat: Chunk             |    17 |    17 |    29 |    17 ||    80
